 Dungeon Crawl Stone Soup version 0.22.1-1-ga44c0e5 (webtiles) character file.

1255 Fang the Chopper (level 8, -1/49 HPs)
             Began as a Gargoyle Berserker on Oct 1, 2018.
             Was a Priest of Trog.
             Slain by an ogre
             ... wielding a +0 giant club
              (16 damage)
             ... on level 5 of the Dungeon.
             The game lasted 00:09:23 (4219 turns).

Fang the Chopper (Gargoyle Berserker)               Turns: 4219, Time: 00:09:24

Health: -1/49      AC: 12    Str: 24    XL:     8   Next: 51%
Magic:  8/8        EV: 11    Int:  7    God:    Trog [***...]
Gold:   302        SH:  0    Dex:  9    Spells: 7/7 levels left

rFire    x . .     SeeInvis .   t - +1 war axe (chop)
rCold    + . .     Gourm    +   (no shield)
rNeg     + + .     Faith    .   k - +0 scale mail {rN+}
rPois    ∞         Spirit   .   (no helmet)
rElec    +         Reflect  .   (no cloak)
rCorr    .         Harm     .   (no gloves)
MR       .....                  (no boots)
Stlth    ..........             p - amulet of the gourmand
HPRegen  0.16/turn              e - ring of ice
MPRegen  0.11/turn              (no ring)

@: berserk cooldown, slowed, very slow
A: negative energy resistance 1, electricity resistance, unbreathing,
petrification resistance, rot immunity, AC +5
a: Berserk, Trog's Hand, Renounce Religion


You were on level 5 of the Dungeon.
You worshipped Trog.
Trog was most pleased with you.
You were very full.

You visited 1 branch of the dungeon, and saw 5 of its levels.

You collected 302 gold pieces.

Inventory:

Hand Weapons
 a - a +0 hand axe
 t - a +1 war axe of chopping (weapon)
Armour
 k - a +0 scale mail of positive energy (worn)
Jewellery
 e - a ring of ice (left hand)
 n - an uncursed amulet of faith
 p - an amulet of the gourmand (around neck)
Scrolls
 g - 2 scrolls of identify {unknown}
 h - 5 scrolls of amnesia {unknown}
 i - 3 scrolls of remove curse {unknown}
 j - a scroll of fear {unknown}
 o - a scroll of immolation {unknown}
 q - a scroll of fog {unknown}
 u - a scroll of magic mapping {unknown}
Potions
 b - a potion of flight {unknown}
 d - a potion of resistance {unknown}
 f - 3 potions of curing {unknown}
 l - 2 potions of degeneration {unknown}
 m - 2 potions of berserk rage {unknown}
 r - a potion of magic {unknown}
 s - a potion of heal wounds {unknown}
Comestibles
 c - 5 rations
 v - a chunk of flesh


   Skills:
 + Level 5.2 Fighting
 + Level 7.2 Axes
 + Level 4.8 Armour
 + Level 3.3 Dodging
 + Level 1.7 Stealth


You had 7 spell levels left.
You didn't know any spells.
Your spell library was empty.

Dungeon Overview and Level Annotations

Branches:
Dungeon (5/15)
 Temple: D:4-7

Altars:
Gozag


Innate Abilities, Weirdness & Mutations

You are resistant to torment.
Your stone body is resilient. (AC +5)
You are immune to poison.
You resist negative energy. (rN+)
You are resistant to electric shocks. (rElec)
You can survive without breathing.
You are immune to petrification.
You are immune to rotting.


Message History

The worker ant barely misses you.
Unknown command.
You slash the worker ant!
You kill the worker ant!
Trog accepts your kill.
Unknown command.
Unknown command.
You feel a strong urge to attack something.
You see here a howler monkey corpse.
You are no longer berserk.
You are exhausted.
You feel yourself slow down. The ogre barely misses you.
A hound comes into view.
There is an open door here.
You are no longer corroded.
The hound barks!
The ogre barely misses you. The hound bites you but does no damage.
The ogre hits you with a giant club!
You die...

#.# #.)....#...##....(##
#)####.....##...#.......#
#...#......##..)'.......#
#.#......####...#......)#
#.######## #...##.....##
###.# ##...###...###..(##
....# ##.....##...# #####
##### #......†#...#
#.......'.@.#
#.......#Oh.#
##.....##...#
##...###..... ####
#######


You could see an ogre and a hound.

Vanquished Creatures
  Eustachio (D:5)
  An ice beast (D:5)
  A bullfrog (D:4)
  2 scorpions
  2 howler monkeys
  A crimson imp (D:5)
  2 hounds (D:5)
  2 jellies
  A centaur zombie (D:5)
  3 orc priests (D:4)
  A bullfrog skeleton (D:5)
  3 orc wizards (D:4)
  2 iguanas
  A centaur skeleton (D:4)
  Terence (D:2)
  2 worker ants (D:5)
  A worker ant zombie (D:4)
  3 gnolls (D:2)
  8 adders
  A shadow imp (D:5)
  An ooze (D:5)
  4 worms
  6 dart slugs
  2 leopard geckos
  8 orcs
  A ball python (D:3)
  6 giant cockroaches
  6 goblins
  8 hobgoblins
  7 jackals
  8 kobolds
  3 quokkas
  11 bats
  6 frilled lizards
  8 rats
124 creatures vanquished.

Notes
Turn   | Place    | Note
-------+----------+-------------------------------------------
     0 | D:1      | Fang the Gargoyle Berserker began the quest for the Orb.
     0 | D:1      | Reached XP level 1. HP: 14/14 MP: 1/1
    87 | D:1      | Reached skill level 3 in Axes
    87 | D:1      | Reached XP level 2. HP: 19/19 MP: 2/2
   310 | D:1      | Reached XP level 3. HP: 18/23 MP: 3/3
  1008 | D:2      | Reached ** piety under Trog
  1175 | D:2      | Reached XP level 4. HP: 26/29 MP: 4/4
  1297 | D:2      | Reached skill level 1 in Stealth
  1393 | D:2      | Reached skill level 4 in Axes
  1482 | D:2      | Reached XP level 5. HP: 30/33 MP: 5/5
  1811 | D:2      | Noticed Terence
  1826 | D:2      | Killed Terence
  2655 | D:4      | Reached XP level 6. HP: 26/38 MP: 6/6
  2796 | D:4      | Reached skill level 5 in Axes
  2961 | D:4      | Reached XP level 7. HP: 23/44 MP: 7/7
  3306 | D:4      | Reached skill level 6 in Axes
  3724 | D:5      | Entered Level 5 of the Dungeon
  3749 | D:5      | Reached *** piety under Trog
  3757 | D:5      | Found an opulent altar of Gozag.
  3889 | D:5      | Noticed Eustachio
  3897 | D:5      | Killed Eustachio
  3897 | D:5      | Reached skill level 5 in Fighting
  3897 | D:5      | Reached XP level 8. HP: 49/49 MP: 8/8
  4206 | D:5      | Reached skill level 7 in Axes
  4219 | D:5      | Slain by an ogre

Skill      XL: |  1  2  3  4  5  6  7  8 |
---------------+-------------------------+-----
Axes           | 3 4 5 6 7 |  7.2
Dodging        | 2 3 |  3.3
Stealth        | 1 |  1.7
Fighting       | 4 5 |  5.2
Armour         | 3 4 |  4.8

Action                   |  1- 3 |  4- 6 |  7- 9 || total
-------------------------+-------+-------+-------++-------
Melee: Hand axe          |   138 |   184 |    79 ||   401
       War axe           |       |       |    45 ||    45
Invok: Berserk           |       |     3 |     3 ||     6
 Stab: Sleeping          |     2 |     2 |       ||     4
  Eat: Chunk             |     1 |    22 |     6 ||    29
Armor: Animal skin       |    42 |    25 |       ||    67
       Scale mail        |       |    77 |    84 ||   161
Dodge: Dodged            |    99 |   129 |    57 ||   285
